 Dungeon Crawl Stone Soup version 0.31-a0-222-gefeffbb62a (webtiles) character file.

Game seed: 13857634290412435352

5483 spardeous the Nimble (level 10, -14/43 HPs)
             Began as a Felid Earth Elementalist on July 6, 2023.
             Was an Initiate of Gozag.
             Demolished by a stone giant (22 damage)
             ... on level 11 of the Dungeon.
             The game lasted 00:26:24 (12257 turns).

spardeous the Nimble (Felid Earth Elementalist)    Turns: 12257, Time: 00:26:26

Health: -14/43     AC:  3    Str:  4    XL:     10   Next: 42%
Magic:  14/26      EV: 26    Int: 21    God:    Gozag
Gold:   943        SH:  0    Dex: 17    Spells: 7/18 levels left
                                        Lives:  0   Deaths: 2

rFire   . . .        (weapon unavailable)
rCold   + . .        (shield unavailable)
rNeg    . . .        (body armour unavailable)
rPois   .            (helmet unavailable)
rElec   .            (cloak unavailable)
rCorr   .            (gloves unavailable)
SInv    +            (boots unavailable)
Will    +....        y - amulet of magic regeneration
Stlth   ++           k - ring of wizardry
HPRegen 0.27/turn    m - ring of magical power
MPRegen 0.60/turn

%: wizardry (x1)
@: gold aura, quick
A: very small, claws 1, fangs 3, see invisible, speed 1, shaggy fur 3, stealthy
paws, no weapons or thrown items, no armour, multi-lived
a: Renounce Religion, Potion Petition, Call Merchant, Bribe Branch


You were on level 11 of the Dungeon.
You worshipped Gozag.
Gozag was pleased with you.
You visited 2 branches of the dungeon, and saw 12 of its levels.

You collected 1087 gold pieces.
You paid 144 gold pieces to Gozag.

Inventory:

Jewellery
 f - a ring of fire
 k - a ring of wizardry (left paw)
 m - a ring of magical power (right paw)
 n - a +6 ring of strength
 v - an amulet of faith
 y - an amulet of magic regeneration (around neck)
 C - a ring of protection from cold
 D - a ring of poison resistance
 E - a ring of willpower
Wands
 p - a wand of flame (26)
 t - a wand of polymorph (11)
 z - a wand of paralysis (9)
Scrolls
 b - 3 scrolls of vulnerability
 c - 2 scrolls of summoning
 d - 4 scrolls of enchant armour {unknown}
 e - 4 scrolls of teleportation
 g - 10 scrolls of identify
 i - 2 scrolls of revelation {unknown}
 j - 2 scrolls of amnesia {unknown}
 l - 2 scrolls of poison {unknown}
 u - a scroll of noise {unknown}
 x - 2 scrolls of blinking {unknown}
 A - 2 scrolls of fog {unknown}
Potions
 a - 2 potions of magic
 h - 3 potions of might {unknown}
 o - 3 potions of brilliance {unknown}
 q - 2 potions of resistance {unknown}
 r - a potion of experience {unknown}
 s - a potion of lignification {unknown}
 w - a potion of curing {unknown}
 B - a potion of invisibility {unknown}
 F - a potion of attraction {unknown}
 G - a potion of enlightenment {unknown}
 H - a potion of mutation {unknown}


   Skills:
 - Level 4.4 Fighting
 - Level 13.0 Dodging
 - Level 2.6 Stealth
 - Level 4.6 Spellcasting
 + Level 10.0 Conjurations
 - Level 6.9 Transmutations
 - Level 10.3 Earth Magic


You had 7 spell levels left.
You knew the following spells:

 Your Spells              Type           Power      Damage    Failure   Level
a - Sandblast             Erth           96%        2d20      1%          1
b - Stone Arrow           Conj/Erth      94%        3d12      1%          3
c - Petrify               Tmut/Erth      41%        N/A       1%          4
d - Swiftness             Air            4%         N/A       14%         3

Your spell library contained the following spells:

 Spells                   Type           Power      Damage    Failure   Level
 Shock                    Conj/Air       100%       1d9       1%          1
 Passwall                 Tmut/Erth      34%        N/A       1%          2
 Summon Small Mammal      Summ           16%        N/A       4%          1
 Ignite Poison            Fire/Tmut/Pois 14%        N/A       5%          3
 Cigotuvi's Dreadful Rot  Necr/Pois/Air  8%         N/A       7%          2
 Call Canine Familiar     Summ           4%         N/A       14%         3
 Summon Guardian Golem    Hex/Summ       4%         N/A       14%         3
 Freezing Cloud           Conj/Ice/Air   9%         6-21      30%         5
 Airstrike                Air            2%         2d(1-17)  41%         4
 Summon Forest            Summ/Tloc      2%         N/A       75%         5
 Eringya's Noxious Bog    Tmut/Pois      9%         N/A       82%         6
 Summon Hydra             Summ           2%         N/A       100%        7
 Lehudib's Crystal Spear  Conj/Erth      23%        10d7      98%         8
 Animate Armour           Summ/Erth      Unusable   N/A       N/A         4

Dungeon Overview and Level Annotations

Branches:
Dungeon (11/15)            Temple (1/1) D:6            Lair (0/5) D:9
    Orc: D:9-12

Altars:
Ashenzari
Cheibriados
Dithmenos
Elyvilon
Fedhas
Gozag
Hepliaklqana
Kikubaaqudgha
Makhleb
Nemelex Xobeh
Okawaru
Qazlal
Ru
Sif Muna
Trog
Uskayaw
Vehumet
Wu Jian
Xom
Yredelemnul
Zin
The Shining One

Shops:
D:3 :

Annotations:
D:11 4 transporters, benadryl's ghost, journeyman DEEE


Innate Abilities, Weirdness & Mutations

You have sharp claws.
You have razor-sharp teeth.
You have supernaturally acute eyesight. (SInv)
You cover ground quickly. (Speed+)
Your thick and shaggy fur keeps you warm. (AC +3, rC+)
Your paws help you pounce on unaware monsters.
You are incapable of wielding weapons or throwing items.
You cannot wear armour.
You gain extra lives every three experience levels.


Message History

Press: ? - help, Shift-Dir - straight line, f/p - stone giant
Aim: a stone giant, quivering large rocks (moderately wounded, 100% to hit)
The stone arrow hits the stone giant!
The stone giant is heavily wounded.
Casting: Stone Arrow (safe; 1% risk of failure)
Confirm with . or Enter, or press ? or * to list all spells.
Aiming: Stone Arrow (safe; 1% risk of failure)
Press: ? - help, Shift-Dir - straight line, f/p - stone giant
Aim: a stone giant, quivering large rocks (heavily wounded, 100% to hit)
The stone arrow hits the stone giant.
The stone giant is heavily wounded.
The stone giant throws a large rock.
The large rock hits you!!!
Ouch! That really hurt!
* * * LOW HITPOINT WARNING * * *
Casting: Stone Arrow (safe; 1% risk of failure)
Confirm with . or Enter, or press ? or * to list all spells.
Aiming: Stone Arrow (safe; 1% risk of failure)
Press: ? - help, Shift-Dir - straight line, f/p - stone giant
Aim: a stone giant, quivering large rocks (heavily wounded, 100% to hit)
The stone arrow hits the stone giant!!
The stone giant is almost dead.
Casting: Stone Arrow (safe; 1% risk of failure)
Confirm with . or Enter, or press ? or * to list all spells.
Aiming: Stone Arrow (safe; 1% risk of failure)
Press: ? - help, Shift-Dir - straight line, f/p - stone giant
Aim: a stone giant, quivering large rocks (almost dead, 100% to hit)
The stone arrow hits the stone giant!!
You kill the stone giant!
Your Conjurations skill increases to level 10!
Casting: Stone Arrow (safe; 1% risk of failure)
Confirm with . or Enter, or press ? or * to list all spells.
Aiming: Stone Arrow (safe; 1% risk of failure)
Press: ? - help, Shift-Dir - straight line, f - stone giant
Aim: a stone giant, quivering large rocks (100% to hit)
The stone arrow hits the stone giant!!
The stone giant is moderately wounded.
The stone giant hits you!!
Ouch! That really hurt!
You die...
Your body crumbles into a pile of gold.

##..#.##..#####..###.#..#.##.##.#
##.#.###.......###....)..##.##.#
. #.#.# ##.....####.#####)......#
. #.#.# #########..# #.#..####
.##.#.# #########...## #....#
.##.#.# #............## #.#.##
##..#.###.##########..###...#
©#©.......#..#..#..'......###
[#.(#.##..#..'.C@..#..#.#.#
.##.#.###.##$#######......#
..#.#.# #.#..# #..#.### . #.#.#
#.#..# $ #....# u #.#.# #.##o#
#).### ##.#.# #.#.$' #..# ##..#.#
#.#..#. #..#
#...#.###.##########..#
......................#


You could see a stone giant.

Vanquished Creatures
  A stone giant (D:11)
  A centaur warrior (D:11)
  A two-headed ogre (D:11)
  A harpy (D:11)
  Pikel (D:5)
  A wizard (D:11)
  An ugly thing (D:11)
  2 cyclopes (D:11)
  An elephant (D:8)
  3 centaur zombies (D:10)
  Psyche (D:11)
  An unseen horror (D:11)
  A komodo dragon (D:11)
  The ghost of hgbash the Reanimator, a novice DENe (D:5)
  A troll (D:11)
  A hornet (D:9)
  4 slime creatures
  6 wraiths (D:10)
  14 yaks
  5 shadows
  5 vampires (D:10)
  2 basilisks (D:9)
  A steam dragon (D:7)
  2 acid dragons
  A water moccasin (D:6)
  3 ice beasts
  3 orc warriors
  2 ogres (D:5)
  9 centaurs
  2 lemures (D:5)
  3 phantoms
  6 kobold brigands
  2 gnoll sergeants
  2 bullfrogs
  6 scorpions
  A wyvern skeleton (D:5)
  16 wights
  14 killer bees
  4 howler monkeys
  2 orc priests
  3 jellies (D:5)
  7 iguanas
  11 orc wizards
  A howler monkey zombie (D:5)
  7 adders
  14 gnolls
  A shadow imp (D:5)
  A white imp (D:7)
  2 worms
  4 dart slugs
  24 orcs
  6 ball pythons
  4 bats
  5 endoplasms
  2 giant cockroaches (D:1)
  7 goblins
  7 hobgoblins
  3 jackals (D:4)
  8 quokkas
  A frilled lizard (D:2)
  27 kobolds
  6 rats
285 creatures vanquished.

Vanquished Creatures (others)
  A human (D:6)
  A hound (D:7)
2 creatures vanquished.

Grand Total: 287 creatures vanquished

Notes
Turn   | Place    | Note
-------+----------+-------------------------------------------
     0 | D:1      | spardeous the Felid Earth Elementalist began the quest for
                  | the Orb.
     0 | D:1      | Reached XP level 1. HP: 7/7 MP: 4/4
   109 | D:1      | Reached skill level 3 in Dodging
   109 | D:1      | Reached XP level 2. HP: 11/11 MP: 3/6
   392 | D:2      | Reached XP level 3. HP: 14/14 MP: 5/7
   596 | D:3      | Reached skill level 4 in Dodging
   925 | D:4      | Reached XP level 4. HP: 18/18 MP: 4/8
  1063 | D:4      | Learned a level 3 spell: Stone Arrow
  1142 | D:4      | Noticed a phantom
  1209 | D:4      | Killed a phantom
  1210 | D:4      | Reached skill level 5 in Dodging
  1210 | D:4      | Reached XP level 5. HP: 21/21 MP: 2/9
  1767 | D:5      | Entered Level 5 of the Dungeon
  1779 | D:5      | Noticed an ogre
  1799 | D:5      | Killed an ogre
  1800 | D:5      | Reached skill level 6 in Dodging
  1843 | D:5      | Gained mutation: You are covered in thick fur. (AC +2)
                  | [Felid growth]
  1843 | D:5      | Reached XP level 6. HP: 24/24 MP: 8/10
  1907 | D:5      | Found a radiant altar of Vehumet.
  1975 | D:5      | Reached skill level 5 in Earth Magic
  2001 | D:5      | Noticed Pikel
  2083 | D:5      | Reached skill level 7 in Dodging
  2192 | D:5      | Reached skill level 1 in Conjurations
  2192 | D:5      | Reached XP level 7. HP: 15/27 MP: 5/11
  2913 | D:5      | Reached skill level 8 in Dodging
  3000 | D:5      | You fall into a shaft and drop 2 floors!
  3019 | D:7      | Noticed a steam dragon
  3044 | D:7      | Found a hazy altar of Hepliaklqana.
  3176 | D:7      | Reached XP level 8. HP: 26/31 MP: 9/12
  3353 | D:7      | Found a glowing silver altar of Zin.
  3474 | D:6      | Noticed a +0 dagger
  3475 | D:6      | Found a hide-covered altar of Uskayaw.
  3476 | D:6      | Noticed a +0 hand axe
  3508 | D:6      | Found an ancient bone altar of Kikubaaqudgha.
  3525 | D:6      | Found a staircase to the Ecumenical Temple.
  3641 | Temple   | Entered the Ecumenical Temple
  3911 | D:6      | Found a bloodstained altar of Trog.
  3917 | D:6      | Reached skill level 9 in Dodging
  4381 | D:6      | Found a sparkling altar of Nemelex Xobeh.
  4786 | D:5      | Found a transporter.
  4788 | D:5      | Noticed hgbash's ghost (novice DENe)
  4846 | D:5      | Killed Pikel
  4847 | D:5      | Reached skill level 10 in Dodging
  4847 | D:5      | Reached skill level 5 in Conjurations
  4847 | D:5      | Reached XP level 9. HP: 34/34 MP: 1/13
  5317 | D:3      | Found Odoufouw's Book Boutique.
  5515 | D:3      | Found a large runed translucent door.
  5517 | D:3      | Found a large runed translucent door.
  5915 | D:3      | Found a snail-covered altar of Cheibriados.
  5918 | D:3      | Found a broken altar of Ashenzari.
  6842 | D:5      | Found a transporter.
  6875 | D:5      | Killed hgbash's ghost
  7136 | D:7      | Reached skill level 11 in Dodging
  7254 | D:7      | Learned a level 4 spell: Petrify
  7258 | D:7      | Learned a level 3 spell: Swiftness
  7612 | D:8      | Found a basalt altar of Yredelemnul.
  7722 | D:8      | Found a glowing golden altar of the Shining One.
  7748 | D:8      | Reached XP level 10. HP: 37/37 MP: 14/14
  7960 | D:8      | Reached skill level 12 in Dodging
  8540 | D:9      | Found a blossoming altar of Fedhas.
  8650 | D:8      | Reached skill level 13 in Dodging
  8713 | D:9      | Noticed an elephant
  8773 | D:8      | Killed an elephant
  8774 | D:8      | Reached skill level 1 in Fighting
  8814 | D:9      | Found a staircase to the Lair.
  9108 | D:9      | Reached XP level 11. HP: 43/43 MP: 14/16
  9513 | D:9      | Found an opulent altar of Gozag.
  9710 | D:9      | Became a worshipper of Gozag Ym Sagoz the Greedy
  9763 | D:10     | Entered Level 10 of the Dungeon
  9883 | D:10     | Reached skill level 10 in Earth Magic
 10750 | D:11     | Noticed a two-headed ogre
 10756 | D:11     | Killed a two-headed ogre
 10806 | D:11     | Noticed a red ugly thing
 10829 | D:11     | Killed a red ugly thing
 11038 | D:11     | Reached skill level 5 in Transmutations
 11193 | D:11     | Found a transporter.
 11195 | D:11     | Noticed a tengu warrior
 11195 | D:11     | Noticed a two-headed ogre
 11196 | D:11     | Noticed a boulder beetle
 11197 | D:11     | Found the ring of the Octopus King
 11261 | D:11     | Noticed a brown ugly thing
 11311 | D:11     | Noticed a two-headed ogre
 11314 | D:11     | Noticed a red ugly thing
 11379 | D:11     | Noticed a boulder beetle
 11381 | D:11     | Noticed benadryl's ghost (journeyman DEEE)
 11381 | D:11     | Noticed a two-headed ogre
 11384 | D:11     | Noticed a centaur warrior
 11385 | D:11     | Noticed a centaur warrior
 11426 | D:11     | Noticed Psyche
 11430 | D:11     | Killed Psyche
 11456 | D:11     | Found a transporter.
 11467 | D:11     | Found a transporter.
 11488 | D:11     | Found a transporter.
 11488 | D:11     | Noticed a boulder beetle
 11555 | D:11     | Gained mutation: Your thick and shaggy fur keeps you warm.
                  | (AC +3, rC+) [Felid growth]
 11555 | D:11     | Reached XP level 12. HP: 46/50 MP: 12/19
 11824 | D:11     | Found a runed translucent door.
 11825 | D:11     | Noticed a centaur warrior
 11834 | D:11     | Shot with an arrow by a centaur warrior
 11835 | D:11     | Reached XP level 11. HP: -6/46 MP: 21/27
 11886 | D:11     | Noticed a harpy
 11902 | D:11     | Killed a centaur warrior
 11982 | D:11     | Killed a harpy
 12104 | D:11     | Noticed a wizard
 12108 | D:11     | Killed a wizard
 12205 | D:11     | Noticed a stone giant
 12208 | D:11     | Hit by a large rock thrown by a stone giant
 12209 | D:11     | Reached XP level 10. HP: -28/43 MP: 19/26
 12249 | D:11     | Noticed a stone giant
 12256 | D:11     | Killed a stone giant
 12257 | D:11     | Reached skill level 10 in Conjurations
 12257 | D:11     | Demolished by a stone giant

Illustrated notes

Levels and vault maps discovered:
D:1:      minmay_arrival_hallway, layout_rooms, nicolae_grassy_gnolls
D:2:      layout_rooms, nicolae_elevator_lobby_asterisk
D:3:      layout_loops_ring, jmf_multi_god_temple2, serial_shops, shop,
          st_stairs_12
D:4:      layout_gridville
D:5:      layout_loops_corners, nicolae_vehumet_radiance,
          gammafunk_ghost_mausoleum, eino_small_chamber_without_monster,
          minmay_misc_feat_room, uniq_pikel
D:6:      layout_basic, tgw_kikubaaqudgha, dancing_weapons_uskayaw,
          lemuel_round_altar, trog_butcher_becter, minmay_temple_entry_waves,
          kennysheep_potato
D:7:      layout_rooms, zin_academy, nicolae_hepliaklqana_hippocampus
D:8:      layout_basic, mainiacjoe_overflow_paths,
          mainiacjoe_overflow_boulevard, blue_anna_alchemist
D:9:      layout_basic, mainiacjoe_overflow_small_starburst,
          general_overflow_altar, david_lair_generic, grunt_ministairs_6
D:10:     layout_roguey, serial_undead, serial_undead_d, serial_undead_f,
          serial_undead_e, serial_undead_a
D:11:     gammafunk_the_bubble [the_bubble_gammafunk_crates], layout_loops_ring,
          nzn_ghost_randoct, grunt_ministairs_10, minivault_13, uniq_psyche
Temple:   nicolae_temple_cloud_nine

Skill      XL: |  1  2  3  4  5  6  7  8  9 10 11 |
---------------+----------------------------------+-----
Dodging        | 3 4 5 6 7 8 10 11 13 | 13.0
Earth Magic    | 3 4 5 6 7 8 9 10 | 10.3
Conjurations   | 1 2 5 6 10 9 | 10.0
Fighting       | 2 4 |  4.4
Spellcasting   | 4 |  4.6
Transmutations | 6 |  6.9
Stealth        | |  2.6

Action                     |  1- 3 |  4- 6 |  7- 9 | 10-12 || total
---------------------------+-------+-------+-------+-------++-------
  Melee: Unarmed           |       |       |     1 |       ||     1
   Cast: Sandblast         |    52 |    52 |   103 |    62 ||   269
         Stone Arrow       |       |       |   101 |   254 ||   355
    Use: Scroll            |       |     4 |       |       ||     4
         Potion            |       |     2 |       |       ||     2
 Armour: Skin              |     1 |       |     1 |     6 ||     8
  Dodge: Dodged            |    13 |    31 |   103 |   101 ||   248

Table legend: (Time is in decaauts)
 A = Elapsed time spent in this place.
 B = Non-inter-level travel time spent in this place.
 C = Inter-level travel time spent in this place.
 D = Time resting spent in this place.
 E = Time spent auto-exploring this place.
 F = Levels seen in this place.
 G = Mean time per level.
                   A        B        C        D        E       F      G
               +--------+--------+--------+--------+--------+-----+--------+
         Total |  10947 |  10418 |    529 |    980 |   7319 |  12 |  912.2 |
       Dungeon |  10862 |  10333 |    529 |    980 |   7291 |  11 |  987.5 |
        Temple |     84 |     84 |      0 |      0 |     27 |   1 |   84.0 |
               +--------+--------+--------+--------+--------+-----+--------+

Top non-repeatable levels by time:
     D:5: 1925 daAuts
    D:11: 1380 daAuts
     D:6: 1051 daAuts
     D:9: 1017 daAuts
     D:8: 998 daAuts
     D:3: 959 daAuts
    D:10: 854 daAuts
     D:7: 770 daAuts
     D:4: 761 daAuts
     D:1: 625 daAuts
     D:2: 517 daAuts
  Temple: 84 daAuts
